 Dungeon Crawl Stone Soup version 0.32-a0-38-gb04dd89b9b (webtiles) character file.

Game seed: 8982032665310453996

6738 seren the Fighter (level 11, -2/123 HPs)
             Began as an Oni Berserker on Jan 22, 2024.
             Was a Priest of Trog.
             Killed from afar by a steam dragon (19 damage)
             ... with a ball of steam
             ... on level 9 of the Dungeon on Jan 23, 2024.
             The game lasted 00:26:55 (9904 turns).

seren the Fighter (Oni Berserker)                   Turns: 9904, Time: 00:26:56

Health: -2/123     AC:  7    Str: 25    XL:     11   Next: 4%
Magic:  11/11      EV: 13    Int:  8    God:    Trog [***...]
Gold:   253        SH:  0    Dex: 16    Spells: 10/10 levels left

rFire   . . .        a - +0 war axe (flame)
rCold   + . .        (no shield)
rNeg    . . .        E - +0 acid dragon scales
rPois   .            (helmet restricted)
rElec   .            (no cloak)
rCorr   +            (gloves unavailable)
SInv    .            (boots unavailable)
Will    +....        (no amulet)
Stlth   +            l - +6 ring of dexterity
HPRegen 0.40/turn    w - ring of protection from cold
MPRegen 0.12/turn

%: no passive effects
@: on berserk cooldown, slowed, very slow
A: large, unfitting armour, horns 1, tough skin 1, double potion healing,
drunken brawling
a: Renounce Religion, Berserk, Trog's Hand


You were on level 9 of the Dungeon.
You worshipped Trog.
Trog was most pleased with you.
You visited 2 branches of the dungeon, and saw 10 of its levels.
You also visited: Bailey.

You collected 402 gold pieces.
You spent 149 gold pieces at shops.

Inventory:

Hand Weapons
 a - a +0 war axe of flaming (weapon)
 b - a +0 orcbow
 y - a +0 battleaxe
 z - a +0 war axe
 A - a +2 executioner's axe of flaming
 D - a +1 battleaxe of freezing
Missiles
 o - 13 poisoned darts
 p - 3 boomerangs (quivered)
Armour
 d - a +0 animal skin
 E - +0 acid dragon scales (worn)
Jewellery
 l - a +6 ring of dexterity (left hand)
 w - a ring of protection from cold (right hand)
Wands
 v - a wand of flame (5)
 x - a wand of charming (13)
Scrolls
 e - a scroll of revelation {unknown}
 f - a scroll of blinking {unknown}
 g - 2 scrolls of fog {unknown}
 i - a scroll of butterflies {unknown}
 k - 6 scrolls of teleportation {!r}
 m - a scroll of fear {unknown}
 r - 3 scrolls of enchant armour {unknown}
 s - 3 scrolls of immolation {unknown}
 t - a scroll of noise {unknown}
 u - a scroll of enchant weapon {unknown}
Potions
 c - a potion of curing
 h - 2 potions of might
 j - a potion of attraction
 q - a potion of haste {unknown}
 B - a potion of mutation {unknown}
 C - 2 potions of heal wounds


   Skills:
 + Level 11.7 Fighting
 * Level 11.1 Axes
 + Level 1.3 Armour
 + Level 8.1 Dodging
 + Level 2.8 Evocations


You had 10 spell levels left.
You didn't know any spells.
Your spell library was empty.

Dungeon Overview and Level Annotations

Branches:
Dungeon (9/15)             Temple (1/1) D:4          Bailey (visited)
   Lair: D:8-11         Orc: D:9-12

Altars:
Ashenzari
Cheibriados
Dithmenos
Fedhas
Gozag
Hepliaklqana
Kikubaaqudgha
Nemelex Xobeh
Okawaru
Qazlal
Ru
Sif Muna
Trog
Uskayaw
Vehumet
Wu Jian
Xom
Yredelemnul
Zin
The Shining One

Shops:
D:4 (

Annotations:
D:4 Edmund


Innate Abilities, Weirdness & Mutations

You are too large for most types of armour.
You have a pair of small horns on your head.
You have tough skin. (AC +1)
You gain doubled healing and magic from potions.
Whenever you drink a healing potion, you attack all around you.


Message History

You slice the yak!! You burn the yak. You headbutt the yak. You punch the yak.
The yak is severely wounded.
You feel the effects of Trog's Hand fading.
The yak closely misses you.
You closely miss the yak. You headbutt the yak.
The yak is almost dead.
The yak gores you but does no damage. The yak gores you.
* * * LOW HITPOINT WARNING * * *
You hit the yak. You burn the yak.
You kill the yak!
Trog accepts your kill. The steam dragon breathes steam at you.
The ball of steam hits you!!
* * * LOW HITPOINT WARNING * * *
Your skin stops crawling.
You feel less strong-willed.
The steam dragon attacks as it pursues you!
The steam dragon bites you.
* * * LOW HITPOINT WARNING * * *
The steam dragon barely misses you.
You hit the steam dragon. You burn the steam dragon.
The steam dragon is lightly wounded.
The steam dragon bites you!
* * * LOW HITPOINT WARNING * * *
The steam dragon claws you but does no damage.
The steam dragon bites you but does no damage.
The steam dragon claws you.
* * * LOW HITPOINT WARNING * * *
You completely miss the steam dragon.
The steam dragon is lightly wounded.
The steam dragon bites you!
* * * LOW HITPOINT WARNING * * *
The steam dragon misses you.
You hit the steam dragon. You burn the steam dragon.
You headbutt the steam dragon, but do no damage.
The steam dragon is moderately wounded.
The steam dragon breathes steam at you. The ball of steam misses you.
The steam dragon breathes steam at you. The ball of steam hits you!!
You die...

#.##...########
# #..#.†......Y
#.#........Y.
#.#..#....Y.DY.
#......########
######.# ..##.#
#.# #.##†#
.....#@##†#
#§§§§D†#
###§#### ...
####


You could see a steam dragon (catching breath).

Vanquished Creatures
  A two-headed ogre (D:8)
  An orc sorcerer (Bailey)
  A kobold demonologist (Bailey)
  A troll (D:9)
  Grinder (D:3)
  Sigmund (D:6)
  4 yaks (D:9)
  2 steam dragons
  Menkaure (D:4)
  An acid dragon (D:9)
  4 water moccasins
  A sky beast (D:7)
  11 orc warriors
  A black bear (D:8)
  2 ogres
  A centaur (D:9)
  2 phantoms
  Blork the orc (D:5)
  A kobold brigand (D:7)
  A bullfrog (D:8)
  A scorpion (D:5)
  9 wights (D:8)
  8 killer bees
  2 howler monkeys
  2 hounds
  2 orc priests
  A bombardier beetle (D:5)
  A gnoll bouda (D:8)
  2 iguanas
  5 orc wizards
  A mummy (D:6)
  9 adders
  9 gnolls
  2 white imps
  A dart slug (D:2)
  A ribbon worm (D:2)
  16 orcs
  6 ball pythons
  11 endoplasms
  5 giant cockroaches
  10 goblins
  6 hobgoblins
  3 jackals (D:2)
  3 quokkas
  4 bats
  4 frilled lizards
  2 hobgoblin zombies (D:6)
  12 kobolds
  2 orc zombies (D:6)
  4 rats
183 creatures vanquished.

Vanquished Creatures (others)
  A kobold brigand (D:8)
  2 kobolds (D:8)
3 creatures vanquished.

Grand Total: 186 creatures vanquished

Notes
Turn   | Place    | Note
-------+----------+-------------------------------------------
     0 | D:1      | seren the Oni Berserker began the quest for the Orb.
     0 | D:1      | Reached XP level 1. HP: 24/24 MP: 1/1
   438 | D:2      | Reached XP level 2. HP: 10/32 MP: 2/2
   575 | D:2      | Reached XP level 3. HP: 32/40 MP: 3/3
   598 | D:2      | Reached ** piety under Trog
   615 | D:2      | HP: 2/40 [goblin/+0 long sword (8)]
   972 | D:2      | Reached XP level 4. HP: 38/49 MP: 4/4
  1087 | D:2      | Reached skill level 5 in Fighting
  1372 | D:3      | Found a blossoming altar of Fedhas.
  1485 | D:3      | Reached XP level 5. HP: 13/57 MP: 5/5
  1652 | D:3      | You fall into a shaft and drop 2 floors!
  1652 | D:5      | Entered Level 5 of the Dungeon
  1748 | D:4      | Noticed a phantom
  1759 | D:4      | Killed a phantom
  1932 | D:4      | Reached XP level 6. HP: 34/67 MP: 6/6
  2141 | D:4      | Found Nunwamuc's Antique Weapon Shop.
  2287 | D:4      | Found a hide-covered altar of Uskayaw.
  2392 | D:4      | Found a staircase to the Ecumenical Temple.
  2397 | D:4      | Identified the +1 leather armour of Sifikokuf {rElec rC+}
  2400 | Temple   | Entered the Ecumenical Temple
  2490 | D:4      | Noticed Menkaure
  2494 | D:3      | Noticed Grinder
  2516 | D:3      | Killed Grinder
  2517 | D:3      | Reached skill level 5 in Axes
  2517 | D:3      | Reached XP level 7. HP: 34/78 MP: 7/7
  3392 | D:4      | Noticed Edmund
  3517 | D:4      | Bought a runed war axe for 149 gold pieces
  3598 | D:4      | Killed Menkaure
  3929 | D:5      | Reached skill level 5 in Dodging
  3957 | D:5      | Found a shimmering altar of Xom.
  3958 | D:5      | Noticed Blork the orc
  3966 | D:5      | Killed Blork the orc
  4151 | D:5      | Found an ancient bone altar of Kikubaaqudgha.
  4543 | D:5      | Reached XP level 8. HP: 77/88 MP: 8/8
  5119 | D:6      | Noticed Sigmund
  5128 | D:6      | Killed Sigmund
  5439 | D:6      | Found a sacrificial altar of Ru.
  5456 | D:6      | Found a snail-covered altar of Cheibriados.
  6318 | D:7      | Reached XP level 9. HP: 76/98 MP: 9/9
  6696 | D:7      | Identified the +1 ring mail "Qauhu" {rC+ Will+ Stlth+}
  6811 | D:8      | Noticed a two-headed ogre
  6861 | D:8      | Found a flagged portal.
  6870 | Bailey   | Entered a bailey
  7710 | Bailey   | Acquired a +2 executioner's axe of flaming
  7713 | Bailey   | Noticed a kobold demonologist
  7728 | Bailey   | Noticed a rust devil
  7728 | Bailey   | Killed a kobold demonologist
  7777 | Bailey   | Reached skill level 10 in Fighting
  7828 | Bailey   | Found an iron altar of Okawaru.
  7830 | Bailey   | Noticed an orc sorcerer
  7831 | Bailey   | Noticed a sun demon
  7852 | Bailey   | Noticed a smoke demon
  7861 | Bailey   | Killed an orc sorcerer
  7925 | Bailey   | Reached XP level 10. HP: 111/111 MP: 10/10
  8154 | D:8      | Reached skill level 10 in Axes
  8235 | D:8      | Found a shimmering blue altar of Sif Muna.
  8279 | D:8      | Reached skill level 1 in Evocations
  8336 | D:8      | Upgraded the game from 0.32-a0-35-gd9ff480968 to
                  | 0.32-a0-38-gb04dd89b9b
  8408 | D:8      | HP: 2/111 [water moccasin (4)]
  8773 | D:8      | Killed a two-headed ogre
  9537 | D:9      | Reached *** piety under Trog
  9892 | D:9      | Reached skill level 1 in Armour
  9892 | D:9      | Reached XP level 11. HP: 69/122 MP: 11/11
  9904 | D:9      | Killed from afar by a steam dragon

Illustrated notes

Levels and vault maps discovered:
D:1:      minmay_arrival_stone_box, layout_rooms, serial_glass, glass_columns_b,
          glass_columns_a, glass_columns_a, glass_columns_a,
          minmay_strange_pillars, feat_on_display, minmay_strange_pillars,
          minivault_14
D:2:      cheibrodos_helix_gallery, layout_rooms, minmay_tromino_v2
D:3:      layout_basic, amcnicky_altar_gilded, chequers_serial_rivers_micro_b,
          nicolae_houndstooth_variations, uniq_grinder
D:4:      layout_loops_corners, kennysheep_little_box,
          minmay_temple_entry_fiery, serial_shops, nicolae_shop_peninsula,
          uniq_menkaure, uniq_edmund
D:5:      layout_loops_cross, old_standard_altar, mainiacjoe_overflow_boulevard,
          uniq_blork_the_orc
D:6:      layout_layer_cave, mainiacjoe_overflow_catch_the_wave,
          nrook_mini_backslash, minmay_mini_ossuary, uniq_sigmund
D:7:      layout_loops_ring, minmay_misc_feat_tiny, ldierk_geyser
D:8:      layout_cave_pools, lemuel_crystal_altar, enter_bailey_2
D:9:      layout_loops_cross, nicolae_zig_zag_zippers
Temple:   nicolae_temple_god_jail

Skill      XL: |  1  2  3  4  5  6  7  8  9 10 |
---------------+-------------------------------+-----
Dodging        | 3 4 5 6 7 8 |  8.1
Fighting       | 5 6 7 9 10 11 | 11.7
Axes           | 4 5 7 9 11 | 11.1
Evocations     | 2 |  2.8
Armour         | 1 |  1.3

Action                     |  1- 3 |  4- 6 |  7- 9 | 10-12 || total
---------------------------+-------+-------+-------+-------++-------
  Melee: Hand axe          |    93 |    82 |    42 |       ||   217
         Headbutt          |     7 |    12 |    38 |    22 ||    79
         Punch             |       |     1 |     1 |     3 ||     5
         War axe           |       |       |   162 |   162 ||   324
 Invoke: Berserk           |     1 |     4 |    10 |     5 ||    20
         Trog's Hand       |       |     3 |     6 |     4 ||    13
    Use: Scroll            |       |       |     8 |     2 ||    10
         Potion            |       |       |     5 |     3 ||     8
   Stab: Sleeping          |       |       |     1 |       ||     1
         Invisible         |       |       |     2 |     5 ||     7
 Armour: Animal skin       |    52 |    45 |   124 |    52 ||   273
         Acid dragon scale |       |       |       |    67 ||    67
         Skin              |       |       |       |    33 ||    33
  Dodge: Dodged            |    47 |    23 |   116 |   100 ||   286

Table legend: (Time is in decaauts)
 A = Elapsed time spent in this place.
 B = Non-inter-level travel time spent in this place.
 C = Inter-level travel time spent in this place.
 D = Time resting spent in this place.
 E = Time spent auto-exploring this place.
 F = Levels seen in this place.
 G = Mean time per level.
                   A        B        C        D        E       F      G
               +--------+--------+--------+--------+--------+-----+--------+
         Total |  10123 |   9739 |    384 |   2988 |   4303 |  11 |  920.3 |
       Dungeon |   8914 |   8530 |    384 |   2414 |   4303 |   9 |  990.4 |
        Temple |      1 |      1 |      0 |      0 |      0 |   1 |    1.0 |
        Bailey |   1207 |   1207 |      0 |    574 |      0 |   1 | 1207.0 |
               +--------+--------+--------+--------+--------+-----+--------+

Top non-repeatable levels by time:
     D:4: 1321 daAuts
     D:5: 1253 daAuts
  Bailey: 1207 daAuts
     D:8: 1182 daAuts
     D:6: 1135 daAuts
     D:3: 1118 daAuts
     D:2: 989 daAuts
     D:7: 745 daAuts
     D:9: 739 daAuts
     D:1: 428 daAuts
  Temple: 1 daAuts
